[Event "Late-Titled-Tuesday-Blitz-February-27-2024"]
[Site "Chess.com"]
[Date "2024.02.27"]
[Round "3"]
[White "JonasGallasch"]
[Black "otrov-11"]
[Result "0-1"]
[WhiteElo "2422"]
[BlackElo "2618"]
[TimeControl "180+1"]
[EndTime "14:29:15 PST"]
[Termination "otrov-11 won by resignation"]

1. d4 Nf6 2. c4 e6 3. Nf3 b6 4. g3 Bb7 5. Bg2 Be7 6. O-O O-O 7. d5 exd5 8. Nh4 c6 9. cxd5 Nxd5 10. e4 Nc7 11. Nf5 d5 12. e5 Nba6 13. Nc3 Ne6 14. Nxe7+ Qxe7 15. f4 Nec5 16. f5 Qxe5 17. f6 g6 18. Bf4 Qxf6 19. Bh6 Qe5 20. Bxf8 Rxf8 21. Qd2 d4 22. Ne2 Ne4 23. Qxd4 Qxd4+ 24. Nxd4 c5 25. Nb5 Ra8 26. Rad1 Nb4 27. a3 Nc2 28. Rf4 f5 29. Nd6 Nxd6 30. Rxd6 Bxg2 31. Kxg2 Nd4 32. b4 Re8 33.
Rf2 Re3 34. bxc5 bxc5 35. Rb2 Ne6 36. Rd7 Nf8 37. Rb8 Re6 38. Rdd8 Rf6 39. Rdc8 Kg7 40. Rxc5 Kh6 41. Rc7 Ne6 42. Rc6 Nf4+ 43. gxf4 Rxc6 44. Rb4 Ra6 45. a4 Kh5 46. Kg3 h6 47. h4 Ra5 48.
Rc4 Rd5 49. Rc3 Rd4 50. Ra3 a5 51.
Kf3 Kxh4 52. Ra1 Rd3+ 53. Ke2 Rb3 54. Rh1+ Kg4 55. Rxh6 Kxf4 56. Rxg6 Rb4 57. Rh6 Kg5 58. Rh3 Rxa4 59. Rb3 Kg4 60. Ke3 f4+ 61. Kf2 Ra2+ 62. Kf1 a4 63. Rc3 a3 64. Rb3 Ra1+ 65. Kf2 a2 66.
Ra3 Rh1 67. Kg2 a1=Q 68. Rg3+ Kf5 0-1

[Event "Late-Titled-Tuesday-Blitz-February-27-2024"]
[Site "Chess.com"]
[Date "2024.02.27"]
[Round "3"]
[White "2L8IWUN"]
[Black "delqate"]
[Result "0-1"]
[WhiteElo "2150"]
[BlackElo "2406"]
[TimeControl "180+1"]
[EndTime "14:29:15 PST"]
[Termination "delqate won on time"]

1. d4 d5 2. Nf3 Nf6 3. Bf4 c5 4. e3 Nc6 5. Nbd2 Bg4 6. c3 e6 7. Bb5 Qb6 8. Qa4 Nd7 9. O-O Be7 10. Bxc6 Qxc6 11. Qxc6 bxc6 12. h3 Bh5 13. b3 f6 14. c4 g5 15. Bh2 Kf7 16. Rfe1 Rac8 17. e4 cxd4 18. Nxd4 Bc5 19. N4f3 d4 20. e5 f5 21.
Nxg5+ Ke7 22. f4 h6 23. Ngf3 Rhg8 24. Rad1 a5 25. Kf1 a4 26. Bg1 axb3 27. axb3 Ra8 28. Bxd4 Bxd4 29. Nxd4 Bxd1 30. Nxc6+ Kf7 31. Rxd1 Rab8 32.
b4 Rb7 33. b5 Nc5 34. Ke2 Rc8 35. Nf3 Ne4 36. Nfd4 Nc3+ 37. Ke1 Nxd1 38. Kxd1 Rbc7 39. c5 Rd7 40. b6 Rxc6 41. Ke2 Rxd4 42. Ke3 Rb4 43.
Kd3 Rxc5 0-1

[Event "Late-Titled-Tuesday-Blitz-February-27-2024"]
[Site "Chess.com"]
[Date "2024.02.27"]
[Round "3"]
[White "aistrel"]
[Black "GoltsevDmitry2000"]
[Result "0-1"]
[WhiteElo "2547"]
[BlackElo "2765"]
[TimeControl "180+1"]
[EndTime "14:29:16 PST"]
[Termination "GoltsevDmitry2000 won by checkmate"]

1. d4 e6 2. e4 d5 3. Nd2 c5 4.
exd5 exd5 5. Ngf3 Nf6 6. Bb5+ Nc6 7. O-O Be7 8. dxc5 Bxc5 9. Re1+ Be6 10. Bxc6+ bxc6 11. Ng5 O-O 12. Nb3 Bb6 13. Nxe6 fxe6 14.
Be3 Ne4 15. f3 Ng5 16. Bxb6 Qxb6+ 17. Qd4 Qc7 18. Qe5 Qb6+ 19. Kh1 Rf5 20. Qd4 Qc7 21.
h4 Qg3 22. hxg5 Rxg5 23. Re2 Rf8 24. Qf2 Rh5+ 25. Kg1 Qh2+ 26. Kf1 Rg5 27. Re3 e5 28. Qg1 Qh4 29. Ke2 e4 30. Rf1 Qh5 31. Kd2 Qg6 32.
fxe4 Rxg2+ 33. Re2 Rxg1 34. Rxf8+ Kxf8 35. exd5 cxd5 36. Nd4 Rg2 37. c3 Rxe2+ 38. Kxe2 Qb1 39. b4 Qxa2+ 40.
Kd3 Qc4+ 41. Ke3 h5 42. Ne6+ Kg8 43. Nc5 h4 44. Nd7 h3 45. Ne5 Qxc3+ 46. Kf4 Qd4+ 47. Kf5 Qe4+ 48. Ke6 h2 49. Kd6 h1=Q 50. Nc6 Qh2+ 51. Kc5 Qc4# 0-1

[Event "Late-Titled-Tuesday-Blitz-February-27-2024"]
[Site "Chess.com"]
[Date "2024.02.27"]
[Round "3"]
[White "Genghis_K"]
[Black "Evandro_Barbosa"]
[Result "1-0"]
[WhiteElo "2930"]
[BlackElo "2666"]
[TimeControl "180+1"]
[EndTime "14:29:18 PST"]
[Termination "Genghis_K won on time"]

1. e4 c5 2. Nf3 e6 3. c3 Nf6 4. e5 Nd5 5. d4 cxd4 6. cxd4 d6 7. Bc4 Be7 8. O-O O-O 9. Qe2 b6 10. Rd1 Bb7 11. Bxd5 exd5 12. Nc3 Na6 13. Bf4 Nc7 14.
h3 Re8 15. Rac1 Bf8 16. Qd3 Ne6 17. Bg3 a6 18. Qf5 Rc8 19. Bh4 Qd7 20. exd6 Bxd6 21. Ne5 Bxe5 22. Qxe5 Nc5 23. Qh5 Ne4 24. Nxe4 Rxe4 25.
Bg3 Bc6 26. Rc3 Rce8 27. Kh2 h6 28. Rdc1 Bb5 29. Rc7 Qe6 30. Rb7 Rxd4 31. Rcc7 Rf8 32. Re7 Qf6 33. Be5 Rh4 34. Bxf6 Rxh5 35. g4 Rxh3+ 36. Kxh3 gxf6 37. Rxb6 Kg7 38. Rd6 Bd3 39. Rxd5 Bg6 40. f4 h5 41. f5 Bh7 42. Rdd7 hxg4+ 43. Kxg4 Bg8 44. b3 Rb8 45. Rb7 Rd8 46. Red7 Re8 47. Kf4 Re2 48. Rd6 a5 49. Rd5 Rf2+ 50. Ke3 Rf1 51. Rxa5 Bh7 52. Rbb5 1-0

[Event "Late-Titled-Tuesday-Blitz-February-27-2024"]
[Site "Chess.com"]
[Date "2024.02.27"]
[Round "3"]
[White "Vse_po_kaify"]
[Black "DeArron_Fox"]
[Result "1-0"]
[WhiteElo "2248"]
[BlackElo "2463"]
[TimeControl "180+1"]
[EndTime "14:29:18 PST"]
[Termination "Vse_po_kaify won by resignation"]

1. e4 c5 2. Nf3 e6 3. d3 d5 4. Nbd2 Nc6 5. g3 Nf6 6. Bg2 Be7 7. O-O O-O 8. Re1 Qc7 9. e5 Nd7 10. Qe2 b5 11. h4 a5 12. h5 h6 13. Nf1 Ba6 14.
N1h2 Rfc8 15. Ng4 Bf8 16. Bf4 b4 17. Qd2 Qd8 18. c3 Kh7 19. d4 a4 20. a3 bxc3 21.
bxc3 Na5 22. Qc2+ Kg8 23. Qxa4 Bd3 24. Qd1 Bh7 25. Ne3 Nb6 26. g4 Be7 27. Bf1 cxd4 28. cxd4 Nac4 29. a4 Nb2 30. Qb3 N2xa4 31. Rec1 Rxc1 32.
Rxc1 Rc8 33. Rxc8 Qxc8 34. Bb5 Qa8 35. Nd2 Qa5 36. Nef1 Bg5 37. Bxg5 hxg5 38. Nf3 Nc3 39. Nxg5 Nxb5 40. Nxh7 Kxh7 41. Qd3+ Kg8 42. g5 Qa3 43. Qxb5 Nc4 44. g6 fxg6 45. hxg6 Qf8 46. Qd7 Qf5 47.
Qe8+ Qf8 48. Qxe6+ Kh8 49. Qh3+ 1-0

[Event "Late-Titled-Tuesday-Blitz-February-27-2024"]
[Site "Chess.com"]
[Date "2024.02.27"]
[Round "3"]
[White "Perecke"]
[Black "martinmena"]
[Result "1-0"]
[WhiteElo "2548"]
[BlackElo "2255"]
[TimeControl "180+1"]
[EndTime "14:29:19 PST"]
[Termination "Perecke won by checkmate"]

1. e4 c6 2. d4 d5 3. Nc3 dxe4 4. Nxe4 Nd7 5. Nf3 Ngf6 6. Qe2 Nxe4 7. Qxe4 e6 8. Bd3 Nf6 9. Qh4 Be7 10. O-O b6 11. Bf4 Bb7 12. Rad1 Nd5 13. Bg5 Bxg5 14.
Qxg5 Qxg5 15. Nxg5 h6 16. Ne4 O-O-O 17. c4 Ne7 18. Bc2 Rd7 19. c5 Nf5 20. g4 Nxd4 21. Bb1 Ne2+ 22. Kg2 Nf4+ 23. Kf3 Nd5 24. a4 Rhd8 25.
a5 Kc7 26. Rc1 Ba6 27. Rfe1 bxa5 28. Nd6 Rb8 29. Rc2 Rb3+ 30. Kg2 Bd3 31. Rd2 Bxb1 32.
Rxb1 Nf4+ 33. Kf1 Nd3 34. Ra1 Nxc5 35. Ne8+ Kd8 36. Rxd7+ Kxd7 37. Nxg7 Rxb2 38. Rxa5 a6 39. Rxc5 Rb1+ 40. Kg2 Ra1 41. Nh5 a5 42. Nf6+ Kd6 43.
Ne4+ Kd7 44. h4 a4 45. g5 hxg5 46. h5 a3 47. h6 a2 48. Ra5 Re1 49. h7 Rxe4 50.
h8=Q Rg4+ 51. Kf3 Rf4+ 52. Ke3 Rh4 53. Ra7+ Kd6 54. Qd8+ Ke5 55. Ra5+ c5 56. Rxc5# 1-0

[Event "Late-Titled-Tuesday-Blitz-February-27-2024"]
[Site "Chess.com"]
[Date "2024.02.27"]
[Round "3"]
[White "chucksterf10"]
[Black "Fandorine"]
[Result "0-1"]
[WhiteElo "2581"]
[BlackElo "2887"]
[TimeControl "180+1"]
[EndTime "14:29:20 PST"]
[Termination "Fandorine won by resignation"]

1. Nf3 Nf6 2. c4 g6 3. Nc3 Bg7 4.
d4 d6 5. e4 Bg4 6. Be2 Bxf3 7.
Bxf3 e5 8. dxe5 dxe5 9. Qb3 Qc8 10. Nd5 Nbd7 11. Be3 c6 12. Nxf6+ Nxf6 13. Bc5 Nd7 14. Ba3 Bf8 15. Bg4 Bxa3 16. Qxa3 Qc7 17. O-O Nf6 18.
Bh3 Qe7 19. Qe3 O-O 20. f4 exf4 21. Qxf4 Nxe4 22. Rae1 Rae8 23. Bd7 Qc5+ 24. Qe3 Rd8 25. Bg4 Rfe8 26. Bf3 Qxe3+ 27. Rxe3 Nd2 28. Rxe8+ Rxe8 29. Rd1 Nxc4 30. Rd7 Rb8 31. Be2 Nb6 32. Rd2 Kf8 33.
Bf3 Ke7 34. h4 Rd8 35. Re2+ Kf6 36. h5 Nc4 37. hxg6 hxg6 38. b3 Ne5 39. Be4 Rd4 40. g3 Kg5 41. Kg2 f6 42. Bc2 c5 43. Rf2 b6 44. Re2 a5 45. Kf2 Rd8 46. Ke3 c4 47. bxc4 Nxc4+ 48. Kf3 Rd2 49. Rxd2 Nxd2+ 50. Ke3 Nf1+ 51.
Kf2 Nh2 52. Ke3 f5 53. Kf2 Ng4+ 54. Kf3 Ne5+ 55. Ke3 Kg4 56. Kd4 Nf3+ 57. Kd5 Kxg3 58. Kc6 Nd4+ 0-1

[Event "Late-Titled-Tuesday-Blitz-February-27-2024"]
[Site "Chess.com"]
[Date "2024.02.27"]
[Round "3"]
[White "Caracal3000"]
[Black "Hrant_ChessMood"]
[Result "0-1"]
[WhiteElo "2525"]
[BlackElo "2994"]
[TimeControl "180+1"]
[EndTime "14:29:20 PST"]
[Termination "Hrant_ChessMood won by checkmate"]

1. e4 c5 2. Nf3 Nc6 3. Nc3 g6 4. d4 cxd4 5. Nxd4 Bg7 6. Be3 Nf6 7. Bc4 O-O 8. Bb3 Re8 9. O-O d6 10. h3 Na5 11. Re1 Nxb3 12. axb3 b6 13. Nc6 Qd7 14.
Nb4 Bb7 15. Nbd5 e6 16. Nxf6+ Bxf6 17. Bd4 Be7 18. Qd2 f6 19. Rad1 Rec8 20. Be3 b5 21. b4 Qc6 22. Bf4 Rd8 23. Qd3 a6 24. f3 Rac8 25. Rd2 Qc4 26. Qxc4 Rxc4 27. Na2 d5 28. b3 Rxb4 29. Bc7 Rc8 30. Ba5 Bc5+ 31. Kh1 Rd4 32. Rxd4 Bxd4 33. c3 Be5 34. exd5 Bxd5 35. Nb4 Bxc3 36. Rc1 Bb7 37. Rc2 e5 38. h4 Kf7 39. h5 gxh5 40. Kh2 Ke6 41. Kh3 Bxb4 42. Rxc8 Bxa5 43. Rh8 Bd5 44. Rxh7 Bxb3 45. Rxh5 Bc3 46. Rh8 a5 47. Rb8 b4 48. Rb6+ Kf7 49. g4 a4 50. Kg3 a3 51. g5 fxg5 52. Kg4 a2 53. Kf5 a1=Q 54. Rb7+ Ke8 55. f4 exf4 56. Kg6 Qa6+ 57.
Kh5 Qxb7 58. Kg4 Be6+ 59. Kh5 Qh7+ 60. Kxg5 Qf5+ 61. Kh6 Qh3+ 62. Kg6 Qg4+ 63. Kh7 Bg8+ 64. Kh6 Bg7# 0-1

[Event "Late-Titled-Tuesday-Blitz-February-27-2024"]
[Site "Chess.com"]
[Date "2024.02.27"]
[Round "3"]
[White "rhungaski"]
[Black "egnfanclub"]
[Result "1-0"]
[WhiteElo "2597"]
[BlackElo "2403"]
[TimeControl "180+1"]
[EndTime "14:29:21 PST"]
[Termination "rhungaski won on time"]

1. e4 e5 2. Nf3 Nc6 3. d4 exd4 4. Nxd4 Bc5 5. Be3 Qf6 6. Nb5 Bxe3 7. fxe3 Qh4+ 8. g3 Qd8 9. Qg4 g6 10. Qf4 d6 11.
Be2 a6 12. Nd4 Ne5 13. Nc3 c6 14. h3 Qf6 15. O-O-O Be6 16. b3 g5 17. Qf1 Qxf1 18. Rdxf1 Ne7 19. Bh5 O-O 20. Rf6 Kg7 21. Rf2 c5 22. Nf5+ Bxf5 23. exf5 f6 24. Rd1 Rfd8 25. Ne4 d5 26. Nxc5 Kh8 27. Ne6 Rd6 28. Be2 Nxf5 29. Rxf5 Rxe6 30. Rxd5 Rae8 31. a4 Kg7 32. a5 Nc6 33.
Bc4 Rxe3 34. Rd6 Re1+ 35. Kb2 Rf8 36. Bd5 Ne7 37. Rd7 Kg6 38. g4 Nxf5 39. gxf5+ Kxf5 40. Bxb7 Re2 41. Bxa6 Rh2 42. Bd3+ Kf4 43. Rxh7 f5 44. a6 g4 45. h4 1-0

[Event "Late-Titled-Tuesday-Blitz-February-27-2024"]
[Site "Chess.com"]
[Date "2024.02.27"]
[Round "3"]
[White "Nick12772"]
[Black "TheMagician"]
[Result "1-0"]
[WhiteElo "2393"]
[BlackElo "2133"]
[TimeControl "180+1"]
[EndTime "14:29:22 PST"]
[Termination "Nick12772 won on time"]

1. Nf3 d5 2. g3 c6 3. Bg2 Nf6 4.
O-O g6 5. b3 Bg7 6. Bb2 O-O 7. d3 a5 8. a3 Na6 9. Nbd2 Nc5 10. b4 Na4 11. Be5 Ne8 12. Bxg7 Nxg7 13. Nb3 axb4 14. axb4 f6 15. Qd2 e5 16. Nc5 Nb6 17.
Rxa8 Nxa8 18. c4 b6 19. Nb3 Be6 20. c5 d4 21. Qb2 b5 22. Na5 Bd5 23. Nd2 Bxg2 24.
Kxg2 Qd5+ 25. Kg1 Rc8 26. Ne4 Ne8 27. Rb1 f5 28. Nd2 Nac7 29. Qb3 Qxb3 30. Rxb3 Nd5 31.
Nf3 Ra8 32. Nxe5 Nxb4 33. Nexc6 Nd5 34. Rxb5 Nc3 35. Rb2 Na4 36. Rc2 Nc7 37. Nb7 Ne6 38. Nca5 Nexc5 39. Nxc5 Rxa5 40. Nxa4 Rxa4 41. Rc7 Ra2 42. Re7 Kf8 43. Rd7 1-0

[Event "Late-Titled-Tuesday-Blitz-February-27-2024"]
[Site "Chess.com"]
[Date "2024.02.27"]
[Round "3"]
[White "VitorBronson"]
[Black "alexrustemov"]
[Result "0-1"]
[WhiteElo "2500"]
[BlackElo "2804"]
[TimeControl "180+1"]
[EndTime "14:29:23 PST"]
[Termination "alexrustemov won on time"]

1. d4 d5 2. c4 c6 3. Nf3 Nf6 4. Nc3 a6 5. e3 b5 6. b3 Bg4 7. h3 Bh5 8. g4 Bg6 9. Ne5 dxc4 10.
bxc4 Nfd7 11. Nxg6 hxg6 12. Bg2 e6 13. O-O Bb4 14. Qb3 Bxc3 15. Qxc3 O-O 16. Bb2 Nb6 17. d5 Qf6 18. Qxf6 gxf6 19. dxc6 bxc4 20. c7 N8d7 21. Bxa8 Rxa8 22. Bd4 Rc8 23. Rab1 Nd5 24. Rb7 e5 25.
Ba7 c3 26. Bb8 Nc5 27. Ra7 Nd3 28. Rxa6 c2 29. Rd6 Nxc7 30. Rxd3 Ne6 31. Rc1 Rxb8 32. Rxc2 Rb1+ 33. Kg2 e4 34. Rb3 Ra1 35. h4 Kg7 36. Rb7 f5 37. gxf5 gxf5 38. Rb5 Kg6 39. f3 f6 40.
fxe4 fxe4 41. h5+ Kh6 42. Rf5 Ng5 43. Rxf6+ Kxh5 44. Rf5 Kg4 45. Re5 Rb1 46. Rcc5 Rb2+ 47. Kf1 Nf3 48. Rxe4+ Kg3 0-1

[Event "Late-Titled-Tuesday-Blitz-February-27-2024"]
[Site "Chess.com"]
[Date "2024.02.27"]
[Round "3"]
[White "laziestwin"]
[Black "Narek_Ghimoyan"]
[Result "1-0"]
[WhiteElo "2594"]
[BlackElo "2381"]
[TimeControl "180+1"]
[EndTime "14:29:24 PST"]
[Termination "laziestwin won by checkmate"]

1. d4 Nf6 2. c4 c6 3. Nc3 d5 4. cxd5 cxd5 5. Bf4 Nc6 6. e3 Bf5 7. Qb3 Qb6 8. Qxb6 axb6 9. Bb5 e6 10. Nf3 Bb4 11.
Ne5 O-O 12. O-O Nxe5 13. Bxe5 Bxc3 14. bxc3 Ne4 15. Rfc1 Rfc8 16. c4 dxc4 17. Bxc4 f6 18. Bg3 Nd2 19. Bb3 Nxb3 20. axb3 Be4 21. Rxa8 Rxa8 22. f3 Bc6 23. Bc7 Ra3 24. Rc3 b5 25.
Bd6 Ra2 26. h4 Kf7 27. h5 f5 28. Be5 Rb2 29. Rd3 Bd5 30. Rc3 Bc6 31. Kh2 g5 32.
Kg3 g4 33. Rd3 gxf3 34. gxf3 Bd5 35. Rc3 Rxb3 36. Rc7+ Kf8 37. Kf4 Rb1 38. Rxh7 Rf1 39. Kg5 Rxf3 40. Kf6 Ke8 41. h6 Rh3 42. Bc7 f4 43. Bxf4 Be4 44. Re7+ Kd8 45. Rxe6 Bd3 46. Re5 b4 47. Rd5+ Ke8 48. Rc5 b3 49. Rc8+ Kd7 50. Rc7+ Kd8 51. Rxb7 Bc4 52. Ke5 Rh5+ 53. Kd6 Bb5 54.
Rb8# 1-0

[Event "Late-Titled-Tuesday-Blitz-February-27-2024"]
[Site "Chess.com"]
[Date "2024.02.27"]
[Round "3"]
[White "dealshark"]
[Black "pfalcon1949"]
[Result "0-1"]
[WhiteElo "2337"]
[BlackElo "1917"]
[TimeControl "180+1"]
[EndTime "14:29:24 PST"]
[Termination "pfalcon1949 won on time"]

1. e4 e6 2. d3 d5 3. Qe2 Nf6 4. Nf3 c5 5. g3 Nc6 6. Bg2 Be7 7. O-O O-O 8. e5 Nd7 9. c4 d4 10. Nbd2 a6 11. h4 Rb8 12. Re1 b5 13. b3 Bb7 14.
Nf1 Qc7 15. h5 Rfe8 16. N1h2 Nb4 17. a3 Nc6 18. Ng4 bxc4 19. bxc4 Na5 20. Bg5 Nb3 21. Ra2 Bf8 22. h6 g6 23. Bf4 a5 24. a4 Bc6 25.
Ng5 Rb4 26. Bxc6 Qxc6 27. Ne4 Rxa4 28. Ngf6+ Nxf6 29. Nxf6+ Kh8 30. Nxe8 Qxe8 31. Rea1 Nxa1 32. Qb2 Rb4 33. Qxa1 Qb8 34. Qe1 Rb1 35. Bc1 Qb6 36. Qd2 Kg8 37. Kg2 Qb7+ 38. f3 Qb6 39. g4 Be7 40.
Kg3 Qb8 41. f4 Qb6 42. Qc2 Bf8 43. g5 Be7 44. Bd2 Rg1+ 45. Kh2 Rb1 46. Bxa5 Qb7 47. Qg2 Qb8 48. Bd2 Bf8 49. Ra8 Qxa8 50. Qxa8 Rb2 51. Kg3 Rxd2 52. Qe8 Rxd3+ 53. Kg4 Rc3 54. Qb5 Re3 0-1

[Event "Late-Titled-Tuesday-Blitz-February-27-2024"]
[Site "Chess.com"]
[Date "2024.02.27"]
[Round "3"]
[White "KuzubovYuriy"]
[Black "GothamChess"]
[Result "1-0"]
[WhiteElo "2947"]
[BlackElo "2677"]
[TimeControl "180+1"]
[EndTime "14:29:26 PST"]
[Termination "KuzubovYuriy won on time"]

1. d4 g6 2. e4 Bg7 3. Nf3 d6 4. Be2 Nf6 5. Nbd2 O-O 6. O-O Nc6 7. Re1 e5 8. dxe5 dxe5 9. c3 Nh5 10. Nc4 Nf4 11.
Bf1 Qe7 12. Qc2 Bg4 13. Nfd2 Be6 14. b4 a6 15. a4 Rfd8 16. Ne3 Qg5 17. Nf3 Qh5 18. Bb2 Rd7 19. Rad1 Rad8 20. Rxd7 Rxd7 21. Bc1 h6 22. Rd1 Nh3+ 23. Kh1 Rxd1 24. Nxd1 Ng5 25. Be2 Bg4 26. Ng1 Bxe2 27. Nxe2 f5 28. Ng3 Qg4 29. Ne3 Qh4 30. exf5 e4 31. Qb3+ Kh8 32. Qd5 Ne5 33.
fxg6 Nxg6 34. Nef5 Qg4 35. Nxg7 Kxg7 36. Be3 Nf4 37.
Qd4+ Kf7 38. Bxf4 Qxf4 39. h3 Kg6 40. Kg1 h5 41. Ne2 Qf5 42. Qe3 Qe5 43. Nf4+ Kf5 44. Nxh5 Qd5 45. Ng3+ Kg6 46. h4 Qd1+ 47. Kh2 Ne6 48. Qxe4+ Kf6 49. Qf5+ Ke7 50. h5 Qc1 51. Qe5 Kd7 52. b5 axb5 53. axb5 Nf4 54. h6 Ne6 55. h7 Qh6+ 56. Qh5 1-0

[Event "Late-Titled-Tuesday-Blitz-February-27-2024"]
[Site "Chess.com"]
[Date "2024.02.27"]
[Round "3"]
[White "OPQRC"]
[Black "MiguelEduardoGB"]
[Result "1-0"]
[WhiteElo "2529"]
[BlackElo "2155"]
[TimeControl "180+1"]
[EndTime "14:29:26 PST"]
[Termination "OPQRC won by resignation"]

1. e4 c6 2. d4 d5 3. exd5 cxd5 4. Bf4 Nf6 5. c3 Nc6 6. Nd2 a6 7. Ngf3 Bg4 8. h3 Bxf3 9. Nxf3 e6 10. Bd3 Bd6 11. Ne5 Qc7 12. Qe2 Nd7 13. Nxd7 Qxd7 14.
Bd2 O-O 15. f4 b5 16. O-O Ne7 17. Rae1 a5 18. Bxb5 Qb7 19. a4 Nf5 20. Qd3 Be7 21. g4 Nd6 22. f5 Ne4 23. Kg2 Rab8 24. Bf4 Rbc8 25. fxe6 fxe6 26. Be5 Bh4 27. Rxf8+ Rxf8 28. Rf1 Rxf1 29. Qxf1 h6 30. Qf3 Nd2 31. Qe2 Ne4 32. Bd3 Ng5 33. Bf4 Qf7 34. Bxg5 Bxg5 35. b4 axb4 36.
cxb4 Qe7 37. b5 Qd6 38. a5 Bf6 39. b6 Bxd4 40. b7 Ba7 41. Qc2 Bb8 42. Qc8+ Kf7 43.
Qc2 Qg3+ 44. Kf1 Ke7 45. Qc5+ Kf6 46. Qf8+ Ke5 47. Qxb8+ Kd4 48. Qxg3 1-0

[Event "Late-Titled-Tuesday-Blitz-February-27-2024"]
[Site "Chess.com"]
[Date "2024.02.27"]
[Round "3"]
[White "FabianoCaruana"]
[Black "bazar-wokzal"]
[Result "1-0"]
[WhiteElo "3052"]
[BlackElo "2626"]
[TimeControl "180+1"]
[EndTime "14:29:27 PST"]
[Termination "FabianoCaruana won on time"]

1. e3 e5 2. d4 Nc6 3. d5 Nce7 4. c4 Ng6 5. Nc3 Nf6 6. a3 a5 7. Bd3 Bc5 8. h4 h6 9. h5 Ne7 10. Nge2 d6 11. Ng3 c6 12. dxc6 bxc6 13. Nge4 Nxe4 14. Nxe4 Ba7 15. c5 d5 16. Nd6+ Kf8 17. Nxc8 Qxc8 18. b4 axb4 19. axb4 Bxc5 20. Rb1 Bd6 21. e4 f5 22.
exd5 cxd5 23. O-O Kf7 24. Bb2 Rf8 25. b5 Kg8 26. Be2 Qe6 27. Qb3 f4 28. Rfd1 e4 29. Rxd5 Nxd5 30. Bc4 Rf5 31. Rd1 Rc8 32. Bxd5 Rxd5 33.
Qxd5 Qxd5 34. Rxd5 Rc2 35. Bd4 Bc7 36. b6 Rc1+ 37.
Kh2 f3+ 38. bxc7 Rxc7 39. gxf3 exf3 40. Kg3 Kf7 41. Kxf3 g6 42. Kg4 Ke6 43. Re5+ Kf7 44. f4 gxh5+ 45. Kxh5 Rc4 46. Be3 Kf6 47. Rc5 Re4 48.
Bc1 Re1 49. Bb2+ Ke6 50. Kxh6 Rg1 51. Rg5 1-0

[Event "Late-Titled-Tuesday-Blitz-February-27-2024"]
[Site "Chess.com"]
[Date "2024.02.27"]
[Round "3"]
[White "Hamisandwich"]
[Black "Journey_to_GrandMaster_YT"]
[Result "1-0"]
[WhiteElo "2764"]
[BlackElo "2496"]
[TimeControl "180+1"]
[EndTime "14:29:28 PST"]
[Termination "Hamisandwich won by resignation"]

1. c4 d6 2. g3 Nf6 3. Bg2 e5 4. Nc3 Be7 5. d3 c6 6. Nf3 Nbd7 7. O-O O-O 8. b4 d5 9. b5 Re8 10. bxc6 bxc6 11. Nd2 Nc5 12. Ba3 Qa5 13. Bxc5 Qxc5 14. Rc1 Qd6 15. Qa4 Bd7 16. Nb3 e4 17. dxe4 dxe4 18. c5 Qe5 19. Nxe4 Nxe4 20. Qxe4 Qxe4 21. Bxe4 Bg5 22. Rc4 a5 23. Ra4 Reb8 24. Rd1 Be8 25. Rxa5 Rxa5 26. Nxa5 Ra8 27. Bxc6 Rxa5 28. Bxe8 Rxc5 29.
a4 Rc2 30. Bb5 Rc1 31. Rxc1 Bxc1 32. a5 Ba3 33. a6 Bc5 34. Bc4 Kf8 35. e3 Ke7 36. Kg2 f6 37. Kf3 Kd6 38. Ke4 Ba7 39.
Bg8 h6 40. Kf5 Ke7 41. h4 Kf8 42. Bb3 Ke7 43. h5 Kf8 44. Ke6 Ke8 45. Ba4+ Kf8 46.
Kd7 Kf7 47. Bb3+ Kf8 48. Kc7 Ke7 49. Kb7 Bc5 50. a7 Bxa7 51. Kxa7 Kd6 52. f4 Kc5 53. Kb7 Kb4 54. Ba2 Kc3 55. e4 Kd4 56. Bb1 Ke3 57. e5 fxe5 58. fxe5 Kf3 59. e6 Kxg3 60. e7 Kh4 61.
Bg6 Kg5 62. e8=Q 1-0

[Event "Late-Titled-Tuesday-Blitz-February-27-2024"]
[Site "Chess.com"]
[Date "2024.02.27"]
[Round "3"]
[White "GMKrikor"]
[Black "Bryanl106"]
[Result "1-0"]
[WhiteElo "2864"]
[BlackElo "2564"]
[TimeControl "180+1"]
[EndTime "14:29:29 PST"]
[Termination "GMKrikor won by checkmate"]

1. Nf3 Nf6 2. c4 g6 3. Nc3 Bg7 4. e4 O-O 5. d4 d6 6. h3 c5 7. d5 e6 8. Be2 Re8 9. a4 Na6 10. O-O Nb4 11. Bg5 h6 12. Bh4 g5 13.
Bg3 exd5 14. exd5 Bf5 15. h4 Ne4 16. Nxe4 Bxe4 17. hxg5 hxg5 18. Qd2 g4 19. Nh4 Nc2 20. Rac1 Nd4 21. Bxg4 Qf6 22. Bd1 Bh6 23. Qc3 Bxc1 24. Qxc1 Bd3 25. b3 Re4 26. Nf3 Bxf1 27. Kxf1 Rae8 28.
Qd2 Qg6 29. Kg1 Nxf3+ 30. gxf3 Re1+ 31. Kg2 Qh7 32. Qg5+ Qg6 33. Qd2 R1e5 34. Bc2 Qg7 35. Qf4 R8e7 36. Bf5 Qf6 37. Qg4+ Kf8 38. Be4 Qg7 39.
Qc8+ Re8 40. Qd7 Qf6 41. Qxb7 Rxe4 42. fxe4 Rxe4 43. Qb8+ Kg7 44. Qxd6 Qf5 45. Qxc5 Re2 46. Qd4+ Kg8 47. c5 Rc2 48. c6 Qc8 49. c7 Rxc7 50.
Bxc7 Qxc7 51. d6 Qd7 52. Kf3 Qf5+ 53. Ke3 Qe6+ 54. Kd2 Qd7 55. Kc3 Qc6+ 56. Kb2 Qd7 57. f4 Kf8 58. Qh8# 1-0

[Event "Late-Titled-Tuesday-Blitz-February-27-2024"]
[Site "Chess.com"]
[Date "2024.02.27"]
[Round "3"]
[White "Oleksandr_Bortnyk"]
[Black "mac0504"]
[Result "1-0"]
[WhiteElo "3056"]
[BlackElo "2704"]
[TimeControl "180+1"]
[EndTime "14:29:31 PST"]
[Termination "Oleksandr_Bortnyk won on time"]

1. e4 Nc6 2. Nc3 Nf6 3. Nf3 d5 4. exd5 Nxd5 5. Bc4 Nxc3 6. bxc3 e6 7. d4 Be7 8. h4 b6 9. Bb5 Bd7 10. Qe2 Na5 11.
Bd3 c5 12. Ne5 O-O 13. Qh5 f5 14. Bg5 Be8 15. Qf3 Rc8 16. Qf4 h6 17. Bxe7 Qxe7 18. O-O Nc6 19. Rfe1 cxd4 20. cxd4 Nb4 21. Re2 Nd5 22. Qg3 Rc3 23. Rae1 Bh5 24. f3 Qb4 25. Qf2 Nf4 26. Rd2 Rd8 27. Bf1 Be8 28. g3 Nd5 29. a3 Qxa3 30. Bc4 b5 31. Bb3 a5 32. Nd3 a4 33. Bxd5 Rxd5 34. Rxe6 Bf7 35. Ra6 Qa1+ 36. Kg2 Rc8 37. Ne5 Rxe5 38. dxe5 Qxe5 39. Ra7 Qf6 40. Rdd7 Rf8 41. Rdb7 Bc4 42. Qe3 a3 43. Rxg7+ Qxg7 44. Rxg7+ Kxg7 45. Qc3+ Kf7 46. Qxa3 Re8 47. Qc3 Re2+ 48.
Kg1 Kg6 49. Qd4 Rxc2 50. Qd6+ Kf7 51. Qxh6 b4 52. Qh7+ Kf6 53. g4 1-0

[Event "Late-Titled-Tuesday-Blitz-February-27-2024"]
[Site "Chess.com"]
[Date "2024.02.27"]
[Round "3"]
[White "AcostaPablo"]
[Black "Peroncio"]
[Result "1-0"]
[WhiteElo "2629"]
[BlackElo "2423"]
[TimeControl "180+1"]
[EndTime "14:29:33 PST"]
[Termination "AcostaPablo won on time"]

1. e4 c5 2. Nf3 d6 3. Bb5+ Nd7 4.
O-O Nf6 5. Re1 a6 6. Bf1 b6 7. c3 Bb7 8. d3 e5 9. Nbd2 Be7 10.
Nc4 O-O 11. Ne3 Re8 12. Nf5 Bf8 13. Bg5 Qc7 14. c4 h6 15. Bh4 g6 16. Ne3 Bg7 17. h3 Nf8 18. Nd5 Nxd5 19. cxd5 f5 20. exf5 gxf5 21. Qb3 b5 22. a4 b4 23. Nd2 Qf7 24. Nc4 Bxd5 25. Qc2 Ng6 26. Bg3 Rad8 27. Rad1 Kh7 28. Be2 Rg8 29. Bh5 Qf6 30. Ne3 Be6 31.
f4 exf4 32. Bxg6+ Qxg6 33. Bxf4 Bd4 34. Kh2 Bd7 35. Nd5 Rg7 36. Re2 Bc6 37. Ne7 Qe8 38.
Nxf5 Qf7 39. g4 Bf3 40. Rf2 Bxd1 41. Qxd1 Rg6 42. Rf3 Qe6 43. Qf1 Be5 44. Re3 Bxf4+ 45. Qxf4 Qf6 46. Re7+ Kh8 47. Qe4 Qxb2+ 48. Kg3 Qf6 49.
Qb7 1-0

[Event "Late-Titled-Tuesday-Blitz-February-27-2024"]
[Site "Chess.com"]
[Date "2024.02.27"]
[Round "3"]
[White "Binary010"]
[Black "EsmeraldasAnderson03"]
[Result "0-1"]
[WhiteElo "2810"]
[BlackElo "2518"]
[TimeControl "180+1"]
[EndTime "14:29:34 PST"]
[Termination "EsmeraldasAnderson03 won on time"]

1. d4 d5 2. c4 dxc4 3. Nf3 Nf6 4. e3 e6 5. Bxc4 a6 6. O-O c5 7. b3 Nbd7 8. Bb2 Be7 9. Nbd2 O-O 10. Rc1 b6 11. Qc2 Bb7 12. Rfd1 Rc8 13. Qb1 Rc7 14.
dxc5 Bxc5 15. a3 Qa8 16. b4 Be7 17. Bf1 Rfc8 18. Rxc7 Rxc7 19. Nd4 Ne4 20. Nxe4 Bxe4 21. Qa1 Bf6 22. f3 Bb7 23. Nb3 Qc8 24. Bxf6 Nxf6 25. Qd4 Rd7 26. Qa1 Qc2 27. Rxd7 Nxd7 28. Qd4 Nf8 29.
Nd2 b5 30. e4 h6 31. h3 Ng6 32.
Kh2 Kh7 33. Qd3 Qc7+ 34. Kg1 Nf4 35. Qe3 Qe5 36. g3 Nd5 37. Qf2 Nc3 38. Kh2 f5 39. exf5 exf5 40. Bg2 Ne2 41. f4 Qd6 42. Qxe2 Bxg2 43.
Kxg2 Qd5+ 44. Nf3 Qb3 45. g4 Qxa3 46. gxf5 Qc3 47. Qe4 Qf6 48. Kg3 Kg8 49. Ne5 Qf8 50. Qd5+ Kh7 51. Qe4 Kg8 52. Qd3 Qxb4 53. Qd8+ Qf8 54.
Qxf8+ Kxf8 55. Kf3 Ke7 56. Ke4 Kd6 57. Nf7+ Kc5 58.
Nd8 b4 59. Ne6+ Kc4 60. Nxg7 b3 61. f6 b2 62. f7 b1=Q+ 63. Ke5 Qb8+ 64. Kf6 Qxf4+ 65.
Ke7 Qe5+ 66. Kf8 a5 67. Kg8 Qd5 68. Ne8 a4 69. Kg7 Qg5+ 70. Kh7 Qe7 71. Kg8 Qe6 72.
Kg7 Qe7 73. Kg8 a3 0-1